 Dungeon Crawl Stone Soup version 0.19.5 (webtiles) character file.

4346 LouisLevi the Protected (level 10, -1/56 HPs)
             Began as a Gargoyle Gladiator on Mar 7, 2017.
             Was a Believer of Hepliaklqana.
             Slain by an orc warrior
             ... wielding a +0 glaive
              (16 damage)
             ... on level 9 of the Dungeon on Mar 10, 2017.
             The game lasted 01:17:50 (9591 turns).

LouisLevi the Protected (Gargoyle Gladiator)        Turns: 9591, Time: 01:17:51

Health: -1/56      AC: 28    Str: 17 (20) XL:     10   Next: 34%
Magic:  11/11      EV:  7    Int:  7 (9)  God:    Hepliaklqana [**....]
Gold:   392        SH:  0    Dex: 11 (12) Spells: 0 memorised, 9 levels left

rFire  . . .     SeeInvis .     f - +4 quarterstaff (chaos)
rCold  . . .     Gourm    .     a - +0 plate armour
rNeg   + . .     Faith    +     (shield currently unavailable)
rPois  ∞         Spirit   .     c - +2 helmet
rElec  +         Reflect  .     U - +0 cloak
rCorr  +         Harm     .     (no gloves)
MR     +....                    t - +1 pair of boots
Stlth  ..........               v - amulet of faith
                                e - ring of protection from magic
                                K - ring of resist corrosion

@: very slightly contaminated
A: reduced essence, negative energy resistance 1, electricity resistance,
unbreathing, petrification resistance, rot immunity, AC +7
a: Ancestor Life: Knight, Ancestor Life: Battlemage, Ancestor Life: Hexer,
Recall Ancestor, Ancestor Identity, Renounce Religion


You were on level 9 of the Dungeon.
You worshipped Hepliaklqana.
Hepliaklqana was pleased with you.
You were not hungry.

You visited 2 branches of the dungeon, and saw 10 of its levels.

You collected 520 gold pieces.
You spent 128 gold pieces at shops.

Inventory:

Hand Weapons
 f - a +4 quarterstaff of chaos (weapon)
 u - a +1 hand axe of chopping
Missiles
 d - 2 throwing nets (quivered)
 Q - 7 exploding tomahawks
Armour
 a - a +0 plate armour (worn)
 c - a +2 helmet (worn)
 t - a +1 pair of boots (worn)
 U - a +0 cloak (worn)
Jewellery
 e - a ring of protection from magic (right hand)
 v - an amulet of faith (around neck)
 K - a ring of resist corrosion (left hand)
Wands
 g - a wand of random effects (24/48)
 E - a wand of iceblast (3/15)
 G - a wand of teleportation (1/9)
 I - a wand of digging (12/24)
 L - a wand of lightning (6/15)
 R - a wand of polymorph (0/24)
 T - a wand of slowing (23/48)
 W - a wand of slowing (31/48)
Scrolls
 l - a scroll of enchant armour
 r - 4 scrolls of blinking
 s - 7 scrolls of remove curse
 w - a scroll of enchant weapon
 y - a scroll of teleportation
 C - 2 scrolls of fear
Potions
 b - a potion of degeneration
 m - 2 potions of brilliance
 n - a potion of heal wounds
 o - 3 potions of magic
 p - 2 potions of ambrosia
 q - a potion of resistance
Books
 V - a book of Minor Magic

   Spells                             Type                      Level
   a - Magic Dart                     Conjuration                  1
   b - Blink                          Translocation                2
   c - Call Imp                       Summoning                    2
   d - Repel Missiles                 Charms/Air                   2
   e - Slow                           Hexes                        2
   f - Conjure Flame                  Conjuration/Fire             3
   g - Mephitic Cloud                 Conjuration/Poison/Air       3
 Z - a book of Conjurations

   Spells                             Type                      Level
   a - Magic Dart                     Conjuration                  1
   b - Searing Ray                    Conjuration                  2
   c - Dazzling Spray                 Conjuration/Hexes            3
   d - Fulminant Prism                Conjuration/Hexes            4
   e - Iskenderun's Mystic Blast      Conjuration                  4
   f - Iskenderun's Battlesphere      Conjuration/Charms           5


   Skills:
 + Level 7.2 Fighting
 + Level 6.9 Axes
 - Level 5.5 Staves
   Level 0.2 Bows
 + Level 1.9 Throwing
 + Level 9.0 Armour
 + Level 4.5 Dodging
 - Level 0.2 Stealth
 + Level 1.9 Evocations


You had 9 spell levels left.
You didn't know any spells.

Dungeon Overview and Level Annotations

Branches:
Dungeon (9/15)             Temple (1/1) D:5
   Lair: D:8-11         Orc: D:9-12

Altars:
Ashenzari
Cheibriados
Dithmenos
Elyvilon
Fedhas
Gozag
Hepliaklqana
Kikubaaqudgha
Nemelex Xobeh
Okawaru
Qazlal
Ru
Sif Muna
Trog
Uskayaw
Vehumet
Xom
Yredelemnul
Zin
The Shining One

Shops:
D:4 ?   D:5 ?   D:9 =

Annotations:
D:9 Erolcha


Innate Abilities, Weirdness & Mutations

You are resistant to torment.
Your stone body is resilient. (AC +7)
You are immune to poison.
You resist negative energy. (rN+)
You are resistant to electric shocks. (rElec)
You can survive without breathing.
You are immune to petrification.
You are immune to rotting.
Your life essence is reduced. (-10% HP)


Message History

The killer bee is severely wounded.
The killer bee stings you but does no damage.
The killer bee closely misses you.
The orc priest moves out of view.
You barely miss the killer bee.
The killer bee is severely wounded.
The killer bee stings you but does no damage. x2
You completely miss the killer bee.
The killer bee is severely wounded.
The killer bee closely misses you. The killer bee barely misses you.
You sock the killer bee!
You kill the killer bee!
You start resting.
The orc warrior misses Citlalmina.
An orc warrior is nearby!
The orc warrior hits you from afar with a glaive.
* * * LOW HITPOINT WARNING * * *
Citlalmina hits the orc warrior!
Citlalmina hits the orc warrior but does no damage.
The orc warrior hits you from afar with a glaive!
You die...

#### ##≈≈≈#
#≈≈≈≈≈
##≈≈∩≈≈###### ..
..≈≈.≈≈.@RoZ#
.#####≈.≈#####o#
......... .#
........ .#
........ .#
###....... o#
..Z...... .#
......... .#
.########


You could see the friendly Citlalmina the ancestor, an orc warrior, an orc
priest and a leopard gecko skeleton.

Vanquished Creatures
  A manticore (D:8)
  Prince Ribbit (D:6)
  2 hungry ghosts
  2 orc warriors
  2 ice beasts
  2 ogres
  2 bullfrogs
  2 scorpions
  2 killer bees (D:9)
  6 wights
  2 bullfrog zombies (D:5)
  2 crimson imps
  A quasit (D:7)
  A hound (D:8)
  Crazy Yiuf (D:7)
  A bullfrog skeleton (D:5)
  6 orc priests
  2 centaur skeletons
  8 orc wizards
  Natasha (thrice) (D:3 D:4)
  Terence (D:2)
  Ijyb (D:3)
  7 worker ants
  An iguana (D:5)
  A killer bee zombie (D:8)
  11 adders
  2 gnolls (D:5)
  A river rat (D:8)
  A shadow imp (D:7)
  2 worms (D:2)
  2 dart slugs
  6 leopard geckos
  29 orcs
  A ball python (D:4)
  9 bats
  3 giant cockroaches
  2 gnoll zombies (D:7)
  4 hobgoblins
  9 jackals
  4 quokkas
  6 frilled lizards
  A giant cockroach zombie (D:5)
  9 goblins
  5 kobolds
  6 rats
173 creatures vanquished.

Vanquished Creatures (collateral kills)
  A hungry ghost (D:7)
  A sky beast (D:8)
  A phantom (D:7)
  3 centaurs
  A water moccasin zombie (D:6)
  A scorpion (D:5)
  A wight (D:8)
  2 crimson imps
  A jelly (D:8)
  An orc wizard (D:8)
  2 gnolls (D:5)
  An adder (D:8)
  A leopard gecko (D:7)
  2 orcs (D:8)
  A ball python (D:7)
  A giant cockroach (D:5)
21 creatures vanquished.

Vanquished Creatures (others)
  11 ancestors
11 creatures vanquished.

Grand Total: 205 creatures vanquished

Notes
Turn   | Place    | Note
-------+----------+-------------------------------------------
     0 | D:1      | LouisLevi the Gargoyle Gladiator began the quest for the Orb.
     0 | D:1      | Reached XP level 1. HP: 12/12 MP: 1/1
   322 | D:1      | Reached XP level 2. HP: 17/17 MP: 2/2
   983 | D:1      | Reached XP level 3. HP: 22/22 MP: 3/3
  1401 | D:2      | Found a blossoming altar of Fedhas.
  1481 | D:2      | Reached skill level 1 in Armour
  1481 | D:2      | Reached XP level 4. HP: 26/27 MP: 4/4
  1499 | D:2      | Found a faded altar of an unknown god.
  2605 | D:2      | Reached XP level 5. HP: 29/31 MP: 5/5
  2820 | D:3      | Noticed Terence
  2820 | D:3      | Noticed Ijyb
  2831 | D:3      | Killed Ijyb
  2831 | D:3      | Reached skill level 2 in Armour
  2864 | D:2      | Killed Terence
  3074 | D:3      | Reached XP level 6. HP: 34/36 MP: 6/6
  3078 | D:3      | Reached skill level 5 in Staves
  3116 | D:3      | Noticed Natasha
  3122 | D:3      | Killed Natasha
  3194 | D:3      | Found an iron altar of Okawaru.
  3585 | D:4      | Noticed Natasha
  3611 | D:4      | Killed Natasha
  3627 | D:4      | Found Usihuor's Magic Scroll Emporium.
  3631 | D:4      | Bought 3 scrolls of identify for 84 gold pieces
  3732 | D:4      | Noticed Natasha
  3736 | D:4      | Killed Natasha
  3796 | D:4      | Reached skill level 3 in Armour
  4088 | D:5      | Entered Level 5 of the Dungeon
  4101 | D:5      | Reached XP level 7. HP: 31/41 MP: 7/7
  4105 | D:5      | Reached skill level 1 in Axes
  4286 | D:5      | Found Vezeigav's Magic Scroll Boutique.
  4298 | D:5      | Bought a scroll of identify for 22 gold pieces
  4298 | D:5      | Bought a scroll of identify for 22 gold pieces
  4393 | D:5      | Reached skill level 4 in Armour
  4558 | D:5      | Found a staircase to the Ecumenical Temple.
  4578 | Temple   | Entered the Ecumenical Temple
  4715 | Temple   | Became a worshipper of Hepliaklqana the Forgotten
  5105 | D:5      | Reached XP level 8. HP: 38/41 MP: 8/8
  5297 | D:6      | Noticed Prince Ribbit
  5595 | D:6      | Reached * piety under Hepliaklqana
  5778 | D:6      | Reached skill level 5 in Armour
  5811 | D:6      | Found a faded altar of an unknown god.
  5811 | D:6      | Found a faded altar of an unknown god.
  5818 | D:6      | Found a faded altar of an unknown god.
  5820 | D:6      | Found a deep blue altar of Sif Muna.
  5822 | D:6      | Found a faded altar of an unknown god.
  5893 | D:6      | Killed Prince Ribbit
  6294 | D:6      | Reached skill level 1 in Evocations
  6500 | D:7      | Reached skill level 6 in Armour
  6517 | D:7      | Reached skill level 5 in Axes
  6554 | D:7      | Found a basalt altar of Yredelemnul.
  6625 | D:7      | Reached XP level 9. HP: 28/46 MP: 9/9
  6910 | D:7      | Reached skill level 5 in Fighting
  7056 | D:7      | Found a runed door.
  7060 | D:7      | Noticed Crazy Yiuf
  7075 | D:7      | Killed Crazy Yiuf
  7075 | D:7      | Reached skill level 7 in Armour
  7166 | D:7      | Found a sparkling altar of Nemelex Xobeh.
  7906 | D:8      | Reached ** piety under Hepliaklqana
  8275 | D:8      | Got a polished ring mail
  8280 | D:8      | Noticed a manticore
  8303 | D:8      | Reached skill level 8 in Armour
  8318 | D:8      | HP: 2/49 [something (3)]
  8348 | D:8      | HP: 2/50 [barbs]
  8765 | D:8      | Reached XP level 10. HP: 48/54 MP: 11/11
  8896 | D:8      | Killed a manticore
  9530 | D:9      | Noticed Erolcha
  9539 | D:9      | Reached skill level 9 in Armour
  9562 | D:9      | Found Sulysith's Jewellery Shop.
  9591 | D:9      | Slain by an orc warrior

Skill      XL: |  1  2  3  4  5  6  7  8  9 10 |
---------------+-------------------------------+-----
Armour         | 1 2 3 4 6 8 9 |  9.0
Dodging        | 3 4 |  4.5
Staves         | 4 5 |  5.5
Fighting       | 3 4 6 7 |  7.2
Axes           | 3 5 6 |  6.9
Evocations     | 1 |  1.9
Bows           | |  0.2
Throwing       | |  1.9
Stealth        | |  0.2

Action                   |  1- 3 |  4- 6 |  7- 9 | 10-12 || total
-------------------------+-------+-------+-------+-------++-------
Melee: Quarterstaff      |    90 |   216 |    78 |    66 ||   450
       Hand axe          |       |    55 |   421 |       ||   476
 Fire: Shortbow          |       |       |     2 |       ||     2
Throw: Throwing net      |       |       |       |     1 ||     1
Invok: Ancestor Identity |       |       |     1 |       ||     1
Evoke: Wand              |       |       |     9 |     1 ||    10
  Use: Scroll            |     3 |     5 |    14 |     9 ||    31
       Potion            |       |     3 |     6 |     9 ||    18
 Stab: Sleeping          |       |     1 |       |       ||     1
       Distracted        |       |       |     6 |       ||     6
       Paralysed         |       |       |     2 |     1 ||     3
       Confused          |       |       |     2 |       ||     2
       Petrifying        |       |       |       |     1 ||     1
  Eat: Chunk             |     2 |       |     7 |       ||     9
       Meat ration       |       |     1 |     1 |       ||     2
       Pizza             |       |     1 |     1 |       ||     2
       Bread ration      |       |     1 |     5 |     1 ||     7
       Fruit             |       |       |     3 |       ||     3
       Beef jerky        |       |       |       |     1 ||     1
Armor: Leather armour    |    28 |    63 |       |       ||    91
       Chain mail        |       |   121 |   384 |    27 ||   532
       Plate armour      |       |       |       |    16 ||    16
Dodge: Dodged            |    53 |   159 |   227 |    38 ||   477
